 Dungeon Crawl Stone Soup version 0.30-a0-1018-g25214051b3 (webtiles) character file.

Game seed: 4514042921336022974

2416 pokeman the Thaumaturge (level 9, 0/48 HPs)
             Began as a Deep Elf Hedge Wizard on Apr 8, 2023.
             Was a Believer of Vehumet.
             Slain by a kobold
             ... wielding a +0 dagger
              (2 damage)
             ... on level 7 of the Dungeon.
             The game lasted 00:15:26 (5985 turns).

pokeman the Thaumaturge (Deep Elf Hedge Wizard)     Turns: 5985, Time: 00:15:27

Health: 0/48       AC:  7    Str:  7    XL:     9   Next: 23%
Magic:  26/26      EV: 13    Int: 24    God:    Vehumet [**....]
Gold:   89         SH:  0    Dex: 14    Spells: 19/30 levels left

rFire   . . .      SeeInvis +    B - +1 short sword (venom)
rCold   . . .      Faith    .    (no shield)
rNeg    . . .      Spirit   .    b - +0 robe
rPois   +          Reflect  .    c - +0 hat
rElec   .          Rampage  .    A - +2 cloak
rCorr   .                        L - +0 pair of gloves
Will    .....                    i - +0 pair of boots
Stlth   ++                       y - amulet of magic regeneration
HPRegen 0.28/turn                H - ring of poison resistance
MPRegen 0.60/turn                Q - ring of see invisible

@: no status effects
A: no striking features
a: Renounce Religion


You were on level 7 of the Dungeon.
You worshipped Vehumet.
Vehumet was pleased with you.
You visited 1 branch of the dungeon, and saw 7 of its levels.

You collected 521 gold pieces.
You spent 432 gold pieces at shops.

Inventory:

Hand Weapons
 B - a +1 short sword of venom (weapon)
Missiles
 J - 5 throwing nets
Armour
 b - a +0 robe (worn)
 c - a +0 hat (worn)
 i - a +0 pair of boots (worn)
 z - the +1 robe of Leapfrog {rF+ MP-9 Int+2}
   (You bought it in a shop on level 1 of the Dungeon)

   Int:       It affects your intelligence (+2).
   rF:        It protects you from fire.
   MP:        It affects your magic capacity (-9).
 A - a +2 cloak (worn)
 K - a +0 kite shield
 L - a +0 pair of gloves (worn)
Jewellery
 u - an amulet of guardian spirit
 y - an amulet of magic regeneration (around neck)
 H - a ring of poison resistance (left hand)
 Q - a ring of see invisible (right hand)
Wands
 v - a wand of polymorph (13)
 x - a wand of flame (25)
 P - a wand of charming (9)
Scrolls
 e - a scroll of silence {unknown}
 g - 2 scrolls of magic mapping
 j - 7 scrolls of teleportation
 k - 2 scrolls of immolation {unknown}
 m - a scroll of amnesia {unknown}
 n - 2 scrolls of enchant armour {unknown}
 o - 3 scrolls of blinking {unknown}
 s - 7 scrolls of identify
 t - a scroll of poison {unknown}
 w - a scroll of torment {unknown}
 D - a scroll of fear {unknown}
 M - a scroll of vulnerability {unknown}
 N - a scroll of fog {unknown}
Potions
 a - a potion of haste
 d - a potion of magic
 f - 5 potions of heal wounds {unknown}
 h - 2 potions of lignification {unknown}
 l - 2 potions of cancellation {unknown}
 p - 4 potions of curing {unknown}
 q - a potion of degeneration {unknown}
 r - 3 potions of flight {unknown}
 C - a potion of mutation {unknown}
 E - a potion of attraction {unknown}
 F - 3 potions of berserk rage {unknown}
 G - 2 potions of resistance {unknown}
 I - a potion of might {unknown}
 O - 2 potions of invisibility {unknown}


   Skills:
 - Level 2.0 Fighting
 - Level 3.1 Armour
 - Level 3.2 Dodging
 - Level 3.0 Stealth
 + Level 1.1 Shields
 * Level 11.1 Spellcasting
 + Level 6.0 Conjurations
 + Level 5.1 Summonings
 - Level 1.1 Translocations
 - Level 1.1 Air Magic
 - Level 1.2 Earth Magic
 - Level 1.0 Poison Magic
 - Level 1.0 Evocations


You had 19 spell levels left.
You knew the following spells:

 Your Spells              Type           Power      Damage    Failure   Level
a - Magic Dart            Conj           100%       1d8       1%          1
b - Mephitic Cloud        Conj/Pois/Air  26%        N/A       4%          3
c - Call Imp              Summ           76%        N/A       1%          2
d - Blink                 Tloc           36%        N/A       4%          2
e - Stone Arrow           Conj/Erth      60%        3d10      3%          3

Your spell library contained the following spells:

 Spells                   Type           Power      Damage    Failure   Level
 Searing Ray              Conj           84%        2d7       1%          2
 Sandblast                Erth           38%        2d10      2%          1
 Slow                     Hex            52%        N/A       4%          1
 Cigotuvi's Dreadful Rot  Necr/Pois/Air  32%        N/A       5%          2
 Passwall                 Tmut/Erth      13%        N/A       5%          2


Dungeon Overview and Level Annotations

Branches:
Dungeon (7/15)             Temple (0/1) D:5

Altars:
Fedhas
Gozag
Kikubaaqudgha
Okawaru
Vehumet
Zin

Shops:
D:1 =*   D:6 ?

Annotations:
D:5 3 runed translucent doors, SingularityParadox's ghost, novice AtFi
D:7 3 runed translucent doors, Maggie; greenreed's ghost, novice MiFi


Message History

A kobold comes into view.
It is wielding a +0 club and quivering poisoned darts.
The kobold moves out of view.
A kobold brigand comes into view.
It is wielding a +0 short sword and quivering curare-tipped darts.
The kobold brigand shouts!
The kobold shouts!
The kobold throws a stone.
The stone barely misses you.
Unknown command.
The kobold closely misses you. The kobold barely misses you.
The kobold throws a poisoned dart.
The poisoned dart closely misses you.
Unknown command.
The kobold attacks as you move away! The kobold barely misses you.
The kobold throws a poisoned dart.
The poisoned dart barely misses you.
Unknown command.
The kobold attacks as you move away! The kobold barely misses you.
The kobold throws a poisoned dart.
The poisoned dart barely misses you. The kobold attacks as you move away!
The kobold hits you but does no damage.
The kobold hits you with a +0 short sword.
The kobold hits you but does no damage.
Unknown command.
The kobold shouts!
The kobold hits you with a +0 short sword.
You hit the kobold.
You kill the kobold!
Vehumet accepts your kill.
Vehumet offers you knowledge of Searing Ray.
The kobold hits you with a +0 dagger. The kobold misses you. x2
The steam dragon breathes steam at you.
The ball of steam hits the kobold!
The kobold dies!
The ball of steam misses the kobold.
The ball of steam hits you!!
Ouch! That really hurt!
You hear a shout!
You hear an angry buzzing noise.
You hear an angry growl.
You hear a bark!
You are engulfed in a cloud of scalding steam.
* * * LOW HITPOINT WARNING * * *
The kobold brigand is engulfed in a cloud of scalding steam.
The kobold brigand hits you with a +0 short sword.
* * * LOW HITPOINT WARNING * * *
A black bear comes into view.
The kobold hits you with a +0 dagger.
You die...

.......................
....#.#..#.............
. ###.....##D...#.... h
#..#..###....#....
..##..#...#.........>
.........§...####...
......SKKD..## ...
......§§K.#...# ##
...###.@KK#...# #.
#........# #.#...#....
#....####.# ###### ##


You could see a steam dragon, a water moccasin, a black bear, a kobold brigand
and 4 kobolds.

Vanquished Creatures
  Sigmund (D:6)
  Eustachio (D:5)
  An orc warrior (D:6)
  2 black bears
  A wolf (D:6)
  2 ogres
  4 gnoll sergeants (D:6)
  A bullfrog (D:7)
  5 scorpions
  5 killer bees (D:7)
  3 gnoll boudas (D:6)
  9 hounds
  A sleepcap (D:5)
  Ijyb (D:3)
  An iguana (D:5)
  21 gnolls (D:6)
  5 adders
  8 orcs
  3 ball pythons
  6 bats
  8 endoplasms
  A giant cockroach (D:2)
  7 goblins
  5 hobgoblins
  9 jackals
  3 quokkas
  2 frilled lizards
  9 kobolds
  4 rats
129 creatures vanquished.

Vanquished Creatures (collateral kills)
  A gnoll (D:6)
  3 orcs
4 creatures vanquished.

Vanquished Creatures (others)
  A kobold (D:7)
1 creature vanquished.

Grand Total: 134 creatures vanquished

Notes
Turn   | Place    | Note
-------+----------+-------------------------------------------
     0 | D:1      | pokeman the Deep Elf Hedge Wizard began the quest for the
                  | Orb.
     0 | D:1      | Reached XP level 1. HP: 10/10 MP: 7/7
   167 | D:1      | Reached XP level 2. HP: 16/16 MP: 3/9
   544 | D:1      | Found Cuchetisk's Assorted Antiques.
   606 | D:1      | Found Fytham's Jewellery Shoppe.
   689 | D:1      | Reached skill level 5 in Spellcasting
   972 | D:2      | Reached XP level 3. HP: 20/20 MP: 4/11
   976 | D:2      | Learned a level 3 spell: Mephitic Cloud
   979 | D:2      | Learned a level 2 spell: Call Imp
   982 | D:2      | Learned a level 2 spell: Blink
   986 | D:2      | Learned a level 3 spell: Stone Arrow
  1284 | D:2      | Reached skill level 1 in Fighting
  1284 | D:2      | Reached skill level 1 in Armour
  1753 | D:3      | Reached XP level 4. HP: 23/25 MP: 4/13
  1907 | D:3      | Noticed Ijyb
  1926 | D:3      | Killed Ijyb
  2707 | D:1      | Bought a transparent robe for 136 gold pieces
  2707 | D:1      | Identified the +1 robe of Leapfrog {rF+ MP-9 Int+2} (You
                  | bought it in a shop on level 1 of the Dungeon)
  2941 | D:4      | Found a radiant altar of Vehumet.
  2945 | D:4      | Became a worshipper of Vehumet
  2975 | D:4      | Noticed an ogre
  2985 | D:4      | Killed an ogre
  2986 | D:4      | Reached skill level 6 in Spellcasting
  2986 | D:4      | Reached skill level 1 in Evocations
  2986 | D:4      | Reached XP level 5. HP: 15/29 MP: 5/15
  3246 | D:4      | Noticed a black bear
  3286 | D:4      | Killed a black bear
  3287 | D:4      | Reached skill level 1 in Poison Magic
  3287 | D:4      | Reached XP level 6. HP: 34/34 MP: 9/17
  3595 | D:4      | Found an ancient bone altar of Kikubaaqudgha.
  3598 | D:4      | Found a blossoming altar of Fedhas.
  3601 | D:4      | Found an iron altar of Okawaru.
  3648 | D:5      | Entered Level 5 of the Dungeon
  3727 | D:1      | Bought a viscous white potion for 21 gold pieces
  3727 | D:1      | Bought a scroll labelled TUFEMM CESO for 24 gold pieces
  3727 | D:1      | Bought a scroll labelled TYRE KITASIE for 24 gold pieces
  3831 | D:5      | Reached skill level 7 in Spellcasting
  3831 | D:5      | Reached skill level 1 in Air Magic
  3831 | D:5      | Reached skill level 1 in Earth Magic
  3873 | D:5      | Reached XP level 7. HP: 21/38 MP: 20/20
  3941 | D:5      | Found a staircase to the Ecumenical Temple.
  4069 | D:5      | Reached * piety under Vehumet
  4069 | D:5      | Offered knowledge of Shock by Vehumet.
  4138 | D:5      | Noticed Eustachio
  4154 | D:5      | Killed Eustachio
  4155 | D:5      | Reached skill level 8 in Spellcasting
  4341 | D:5      | Found a runed translucent gate.
  4341 | D:5      | Found a runed translucent gate.
  4341 | D:5      | Found a runed translucent gate.
  4344 | D:5      | Noticed SingularityParadox's ghost (novice AtFi)
  4562 | D:6      | Noticed Sigmund
  4584 | D:6      | Reached XP level 8. HP: 35/44 MP: 20/22
  4599 | D:6      | Killed Sigmund
  4600 | D:6      | Reached skill level 9 in Spellcasting
  4760 | D:6      | Found a glowing silver altar of Zin.
  4792 | D:6      | Found Azikun's Magic Scroll Shoppe.
  4796 | D:6      | Reached skill level 5 in Conjurations
  4802 | D:6      | Bought a scroll of identify for 26 gold pieces
  4802 | D:6      | Bought a scroll of magic mapping for 97 gold pieces
  4802 | D:6      | Bought a scroll of identify for 26 gold pieces
  4802 | D:6      | Bought a scroll of teleportation for 39 gold pieces
  4866 | D:6      | Bought a scroll of teleportation for 39 gold pieces
  5093 | D:6      | Reached skill level 10 in Spellcasting
  5161 | D:6      | Offered knowledge of Kiss of Death by Vehumet.
  5176 | D:6      | Reached ** piety under Vehumet
  5391 | D:6      | Reached XP level 9. HP: 43/48 MP: 23/25
  5734 | D:6      | Found an opulent altar of Gozag.
  5865 | D:7      | Reached skill level 11 in Spellcasting
  5865 | D:7      | Reached skill level 5 in Summonings
  5867 | D:7      | Reached skill level 1 in Shields
  5958 | D:7      | Found a runed translucent gate.
  5958 | D:7      | Noticed greenreed's ghost (novice MiFi)
  5958 | D:7      | Noticed a centaur warrior
  5962 | D:7      | Found a runed translucent gate.
  5962 | D:7      | Found a runed translucent gate.
  5974 | D:7      | Noticed Maggie
  5984 | D:7      | Offered knowledge of Searing Ray by Vehumet.
  5985 | D:7      | HP: 2/48 [kobold brigand/+0 short sword (6)]
  5985 | D:7      | Slain by a kobold

Illustrated notes

Levels and vault maps discovered:
D:1:      saegor_arrival_simple_c, layout_basic, serial_shops, shop,
          nicolae_shop_trees
D:2:      layout_rooms, minmay_hexomino_f4
D:3:      layout_loops_cross, minmay_circle_x, uniq_ijyb
D:4:      layout_loops_ring, grunt_temple_overflow_diamond,
          mainiacjoe_overflow_24_doors
D:5:      layout_rooms, minmay_temple_entry_stoned_glass,
          biasface_ghost_orc_armoury, amcnicky_mini_rare_corridor_liquid,
          uniq_eustachio
D:6:      layout_cave_pools, mainiacjoe_overflow_six_doors_small,
          amcnicky_altar_gilded, serial_gnoll_camp, gnoll_camp_medium_01,
          gnoll_camp_huts_basic, gnoll_camp_mini_loothouse,
          gnoll_camp_mini_basic, gnoll_camp_mini_house, gnoll_camp_mini_shop,
          uniq_sigmund
D:7:      layout_cave_pools, trog_hazing_becter,
          nicolae_sif_muna_little_library, gammafunk_ghost_split,
          nrook_loot_triangle, uniq_maggie

Skill      XL: |  1  2  3  4  5  6  7  8  9 |
---------------+----------------------------+-----
Spellcasting   | 5 6 7 8 10 11 | 11.1
Fighting       | 1 2 |  2.0
Armour         | 1 3 |  3.1
Conjurations   | 2 3 4 5 6 |  6.0
Stealth        | 3 |  3.0
Dodging        | 3 |  3.2
Evocations     | 1 |  1.0
Poison Magic   | 1 |  1.0
Air Magic      | 1 |  1.1
Earth Magic    | 1 |  1.2
Summonings     | 3 4 5 |  5.1
Shields        | 1 |  1.1
Translocations | |  1.1

Action                     |  1- 3 |  4- 6 |  7- 9 || total
---------------------------+-------+-------+-------++-------
  Melee: Dagger            |    22 |    12 |       ||    34
         Short sword       |       |    27 |   130 ||   157
         Punch             |       |     1 |     2 ||     3
   Cast: Magic Dart        |    86 |    80 |    53 ||   219
         Mephitic Cloud    |       |     6 |    36 ||    42
         Call Imp          |       |     2 |     2 ||     4
         Blink             |       |     1 |       ||     1
         Stone Arrow       |       |     4 |    17 ||    21
   Stab: Confused          |       |     7 |    13 ||    20
 Armour: Robe              |     4 |    12 |    25 ||    41
  Dodge: Dodged            |    32 |    38 |   101 ||   171

Table legend: (Time is in decaauts)
 A = Elapsed time spent in this place.
 B = Non-inter-level travel time spent in this place.
 C = Inter-level travel time spent in this place.
 D = Time resting spent in this place.
 E = Time spent auto-exploring this place.
 F = Levels seen in this place.
 G = Mean time per level.
                   A        B        C        D        E       F      G
               +--------+--------+--------+--------+--------+-----+--------+
         Total |   5987 |   5540 |    447 |     84 |   4431 |   7 |  855.3 |
       Dungeon |   5987 |   5540 |    447 |     84 |   4431 |   7 |  855.3 |
               +--------+--------+--------+--------+--------+-----+--------+

Top non-repeatable levels by time:
     D:6: 1459 daAuts
     D:1: 1047 daAuts
     D:3: 1024 daAuts
     D:4: 946 daAuts
     D:2: 800 daAuts
     D:5: 669 daAuts
     D:7: 40 daAuts
